 Dungeon Crawl Stone Soup version 0.31.0-9-g3a7656b989 (webtiles) character file.

Game seed: 8516507059960712133

3274 Gottschkopf the Blocker (level 9, 0/177 HPs)
             Began as a Minotaur Fighter on Jan 27, 2024.
             Was a Believer of Makhleb.
             Constricted to death by Erica (1 damage)
             ... on level 8 of the Dungeon.
             The game lasted 00:15:28 (5618 turns).

Gottschkopf the Blocker (Minotaur Fighter)          Turns: 5618, Time: 00:15:28

Health: 0/177      AC: 24    Str: 26    XL:     9   Next: 68%
Magic:  8/8        EV: -1    Int:  5    God:    Makhleb [**....]
Gold:   262        SH:  6    Dex:  9    Spells: 8/8 levels left

rFire   . . .        E - +2 long sword (flame)
rCold   . . .        c - +0 buckler
rNeg    . . .        q - melded +4 scale mail {rF+}
rPois   +            (helmet currently unavailable)
rElec   .            b - melded +2 cloak {Stlth+}
rCorr   .            l - melded +0 pair of gloves
SInv    .            (boots currently unavailable)
Will    +....        (no amulet) Stlth
                     u - +5 ring of evasion
HPRegen 0.49/turn    g - +5 ring of evasion
MPRegen 0.11/turn

%: no passive effects
@: berserking, lethally poisoned (0 -> -4), tree-form, enlightened, constricted,
very quick
A: stationary, stasis, torment immunity, boosted hp, (horns 2), (retaliatory
headbutt), (iridescent scales 1), (fire resistance 1), subdued magic 1
a: Renounce Religion, Minor Destruction


You were on level 8 of the Dungeon.
You worshipped Makhleb.
Makhleb was pleased with you.
You were a tree.
You visited 1 branch of the dungeon, and saw 8 of its levels.

You collected 499 gold pieces.
You spent 237 gold pieces at shops.

Inventory:

Hand Weapons
 k - a +0 flail of protection
 A - a +1 rapier of venom
 B - a +1 flail of venom
 E - a +2 long sword of flaming (weapon)
 H - a +2 war axe of flaming
Armour
 b - a +2 cloak of stealth (melded)
 c - a +0 buckler (worn)
 l - a +0 pair of gloves (melded)
 m - a +1 helmet
 q - a +4 scale mail of fire resistance (melded)
 I - +2 acid dragon scales
Magical Staves
 s - a staff of alchemy
Jewellery
 e - a ring of magical power
 g - a +5 ring of evasion (right branch)
 u - a +5 ring of evasion (left branch)
 C - a +6 ring of intelligence
Wands
 v - a wand of light (4)
 y - a wand of flame (21)
 G - a wand of digging (4)
 J - a wand of mindburst (16)
Scrolls
 a - a scroll of noise {unknown}
 i - a scroll of silence {unknown}
 j - a scroll of blinking {unknown}
 o - 4 scrolls of teleportation {unknown}
 t - a scroll of fog {unknown}
 w - a scroll of revelation {unknown}
 x - a scroll of poison {unknown}
 F - a scroll of vulnerability {unknown}
 L - 3 scrolls of amnesia
Potions
 d - a potion of might
 f - a potion of enlightenment
 h - 2 potions of attraction
 n - a potion of lignification
 r - a potion of curing {unknown}
 z - 2 potions of berserk rage
 D - 4 potions of heal wounds {unknown}
 K - a potion of haste {unknown}


   Skills:
 - Level 7.4 Fighting
 * Level 9.0 Long Blades
 - Level 2.4 Maces & Flails
 + Level 9.3 Armour
 + Level 9.3 Shields


You had 8 spell levels left.
You didn't know any spells.
Your spell library contained the following spells:

 Spells                   Type           Power      Damage    Failure   Level
 Shock                    Conj/Air       0%         1d3       47%         1
 Swiftness                Air            0%         N/A       85%         3
 Airstrike                Air            0%         2d(0-16)  99%         4
 Brom's Barrelling Bould  Conj/Erth      0%         2d3       99%         4
 Fireball                 Conj/Fire      0%         3d3       100%        5
 Iskenderun's Battlesphe  Conj           0%         2d6       100%        5
 Conjure Ball Lightning   Conj/Air       0%         3x3d6     100%        6
 Orb of Destruction       Conj           0%         9d5       100%        7


Dungeon Overview and Level Annotations

Branches:
Dungeon (8/15)             Temple (0/1) D:4
   Lair: D:8-11

Altars:
Fedhas
Gozag
Makhleb
Nemelex Xobeh
Okawaru
Ru
Vehumet
Zin
The Shining One

Shops:
D:4 (

Annotations:
D:8 Erica


Innate Abilities, Weirdness & Mutations

You are a tree.
Your roots penetrate the ground, keeping you stationary.
You cannot be teleported.
You are immune to unholy pain and torment.
Your maximum health is greatly increased.
Your equipment is partially melded.
((You have a pair of horns on your head.))
((You reflexively headbutt those who attack you in melee.))
((You are partially covered in iridescent scales. (AC +2)))
((Your flesh is heat resistant. (rF+)))
Your spells are a little easier to cast, but a little less powerful.


Message History

You hit Erica. You burn Erica. Your headbutt misses Erica.
Erica is almost dead.
You feel very sick.
Erica hits you with a +2 scimitar of flaming.
* * * LOW HITPOINT WARNING * * *
Erica constricts you.
* * * LOW HITPOINT WARNING * * *
Erica barely misses you. Erica constricts you.
Okay, then.
Okay, then.
Okay, then.
Unknown command.
You turn into a tree.
Your +2 cloak of stealth melds into your body.
Your +0 pair of gloves melds into your body.
Your +4 scale mail of fire resistance melds into your body.
You feel less stealthy.
You feel less resistant to fire.
Your roots penetrate the ground.
You feel very sick.
Erica hits you with a +2 scimitar of flaming!
* * * LOW HITPOINT WARNING * * *
Erica burns you.
* * * LOW HITPOINT WARNING * * *
Erica constricts you.
* * * LOW HITPOINT WARNING * * *
It was a potion of enlightenment.
Your roots keep you in place.
* * * LOW HITPOINT WARNING * * *
You feel sick. You block Erica's attack. Erica constricts you.
It was a potion of berserk rage.
A red film seems to cover your vision as you go berserk!
You feel yourself moving faster!
You feel mighty!
* * * LOW HITPOINT WARNING * * *
You feel sick.
Erica hits you with a +2 scimitar of flaming.
* * * LOW HITPOINT WARNING * * *
Erica burns you.
* * * LOW HITPOINT WARNING * * *
Erica constricts you.
You die...
Erica begins burbling mirthfully and uncontrollably.

####.###########
#....<..........
####.##...##.#.###)
#............#...).
#.##.######..#..###
#..................
#..#.............##
#............<...#
##♣###########.....
........x......
..####
#######.####### ###
..# ###


You could see Erica.

Vanquished Creatures
  Maggie (D:6)
  Eustachio (D:5)
  A steam dragon (D:8)
  Edmund (D:5)
  Menkaure (D:7)
  An orc warrior (D:8)
  2 ice beasts
  A sky beast (D:6)
  4 ogres
  2 centaurs
  2 kobold brigands
  Blork the orc (D:6)
  2 bullfrogs
  5 scorpions
  4 killer bees (D:8)
  5 hounds
  A bombardier beetle (D:4)
  A jelly (D:6)
  4 orc priests
  Crazy Yiuf (D:3)
  A sleepcap (D:6)
  4 iguanas
  Terence (D:3)
  Natasha (thrice) (D:2)
  4 orc wizards
  6 adders
  2 ribbon worms
  A dart slug (D:5)
  23 orcs
  5 ball pythons
  7 endoplasms
  A giant cockroach (D:1)
  9 goblins
  6 hobgoblins
  3 quokkas
  8 bats
  5 frilled lizards
  5 kobolds
  7 rats
142 creatures vanquished.

Vanquished Creatures (others)
  2 orcs (D:8)
2 creatures vanquished.

Grand Total: 144 creatures vanquished

Notes
Turn   | Place    | Note
-------+----------+-------------------------------------------
     0 | D:1      | Gottschkopf the Minotaur Fighter began the quest for the
                  | Orb.
     0 | D:1      | Reached XP level 1. HP: 19/19 MP: 0/0
   276 | D:1      | Reached XP level 2. HP: 27/27 MP: 1/1
   957 | D:2      | Reached XP level 3. HP: 33/33 MP: 2/2
  1156 | D:2      | Noticed Natasha
  1162 | D:2      | Killed Natasha
  1211 | D:2      | Noticed Natasha
  1217 | D:2      | Killed Natasha
  1218 | D:2      | Reached XP level 4. HP: 38/41 MP: 3/3
  1413 | D:2      | Noticed Natasha
  1419 | D:2      | Killed Natasha
  1516 | D:3      | Found a burning altar of Makhleb.
  1528 | D:3      | Became a worshipper of Makhleb the Destroyer
  1605 | D:3      | Reached skill level 5 in Fighting
  1698 | D:3      | Found a sparkling altar of Nemelex Xobeh.
  1698 | D:3      | Noticed Terence
  1705 | D:3      | Killed Terence
  1706 | D:3      | Reached skill level 5 in Armour
  1706 | D:3      | Reached skill level 5 in Shields
  1706 | D:3      | Reached XP level 5. HP: 48/48 MP: 4/4
  1971 | D:3      | Found a runed translucent door.
  1972 | D:3      | Noticed Crazy Yiuf
  1979 | D:3      | Killed Crazy Yiuf
  2158 | D:4      | Noticed an ogre
  2165 | D:4      | Killed an ogre
  2166 | D:4      | Reached XP level 6. HP: 57/57 MP: 5/5
  2199 | D:3      | Reached * piety under Makhleb
  2317 | D:4      | Found a staircase to the Ecumenical Temple.
  2341 | D:4      | Found a glowing golden altar of the Shining One.
  2387 | D:4      | Reached XP level 7. HP: 53/64 MP: 6/6
  2431 | D:4      | Found Riagant's Weapon Shop.
  2449 | D:4      | Found a radiant altar of Vehumet.
  2550 | D:4      | Reached skill level 1 in Long Blades
  2615 | D:5      | Entered Level 5 of the Dungeon
  2776 | D:5      | Noticed Eustachio
  2787 | D:5      | Killed Eustachio
  2845 | D:5      | Noticed Edmund
  2852 | D:5      | Killed Edmund
  2948 | D:5      | Reached XP level 8. HP: 73/73 MP: 7/7
  3324 | D:4      | Bought a +2 long sword of flaming for 237 gold pieces
  3603 | D:6      | Noticed Blork the orc
  3608 | D:6      | Reached ** piety under Makhleb
  3610 | D:6      | Killed Blork the orc
  3611 | D:6      | Reached skill level 5 in Long Blades
  3680 | D:6      | Noticed Maggie
  3701 | D:6      | Killed Maggie
  3957 | D:6      | Reached XP level 9. HP: 76/79 MP: 8/8
  4429 | D:6      | Found an opulent altar of Gozag.
  4429 | D:6      | Found a glowing silver altar of Zin.
  4565 | D:6      | Found a sacrificial altar of Ru.
  4896 | D:7      | Found an iron altar of Okawaru.
  5035 | D:7      | Noticed Menkaure
  5041 | D:7      | Killed Menkaure
  5212 | D:7      | Found a blossoming altar of Fedhas.
  5338 | D:7      | Gained mutation: You are vulnerable to cold. (rC-) [potion
                  | of mutation]
  5339 | D:7      | Lost mutation: You are vulnerable to cold. (rC-) [potion of
                  | mutation]
  5339 | D:7      | Gained mutation: Your flesh is heat resistant. (rF+)
                  | [potion of mutation]
  5339 | D:7      | Gained mutation: Your spells are a little easier to cast,
                  | but a little less powerful. [potion of mutation]
  5339 | D:7      | Gained mutation: You are partially covered in iridescent
                  | scales. (AC +2) [potion of mutation]
  5608 | D:8      | Noticed Erica
  5617 | D:8      | HP: 4/118 [poisoned by Erica (bolt of poison)]
  5618 | D:8      | HP: 1/177 [Erica/+2 scimitar of flaming (1)]
  5618 | D:8      | Constricted to death by Erica

Illustrated notes

Levels and vault maps discovered:
D:1:      lightli_arrival_flooded_house, layout_loops_ring
D:2:      layout_loops_ring, uniq_natasha
D:3:      layout_basic, bloody_makhleb, nemelex_diamond_rough_becter,
          uniq_crazy_yiuf_cottage, uniq_terence
D:4:      layout_cave_pools, mainiacjoe_overflow_chevrons,
          mainiacjoe_overflow_boulevard, temple_pool_b, serial_shops, shop
D:5:      nicolae_cairo_tiling_large, layout_loops_ring, uniq_eustachio,
          uniq_edmund
D:6:      layout_loops_corners, grunt_temple_overflow_gold_and_silver,
          nicolae_ru_path_of_blood, abandoned_shop, uniq_maggie,
          uniq_blork_the_orc
D:7:      layout_rooms, okawaru_trees_1, mainiacjoe_overflow_catwalk,
          uniq_menkaure
D:8:      cheibrodos_helix_gallery, layout_basic, general_overflow_altar,
          mainiacjoe_overflow_six_doors_small, elyvilon_altar_5, uniq_psyche,
          uniq_erica

Skill      XL: |  1  2  3  4  5  6  7  8  9 |
---------------+----------------------------+-----
Fighting       | 4 5 6 7 |  7.4
Armour         | 4 5 6 7 8 9 |  9.3
Shields        | 4 5 6 7 8 9 |  9.3
Long Blades    | 2 6 9 |  9.0
Maces & Flails | |  2.4

Action                     |  1- 3 |  4- 6 |  7- 9 || total
---------------------------+-------+-------+-------++-------
  Melee: Flail             |    64 |    86 |    61 ||   211
         Headbutt          |     8 |    14 |    43 ||    65
         Long sword        |       |       |   141 ||   141
    Use: Potion            |       |       |     5 ||     5
         Scroll            |       |       |     4 ||     4
 Armour: Scale mail        |    35 |    39 |    75 ||   149
         Skin              |       |       |     2 ||     2
  Dodge: Dodged            |    50 |    51 |   164 ||   265
  Block: Buckler           |    12 |    21 |    44 ||    77
